 Dungeon Crawl Stone Soup version 0.31-a0-232-gb1c03b2570 (webtiles) character file.

Game seed: 17891874326742947333

55 qw the Shooter (level 3, 0/21 HPs)
             Began as a Gargoyle Hexslinger on July 7, 2023.
             Slain by a goblin
             ... wielding a +0 club
             ... led by Robin
              (2 damage)
             ... on level 2 of the Dungeon.
             The game lasted 00:00:21 (809 turns).

qw the Shooter (Gargoyle Hexslinger)                 Turns: 809, Time: 00:00:21

Health: 0/21       AC: 12    Str: 11    XL:     3   Next: 93%
Magic:  4/4        EV: 12    Int: 13    God:
Gold:   72         SH:  0    Dex: 14    Spells: 3/4 levels left

rFire   . . .        Y - +1 sling
rCold   . . .        (no shield)
rNeg    + . .        c - +0 robe
rPois   inf          e - +2 helmet
rElec   +            (no cloak)
rCorr   .            a - +3 pair of gauntlets of War {Slay+5}
SInv    .            (no boots)
Will    .....        (no amulet)
Stlth   +            (no ring)
HPRegen 0.23/turn    (no ring)
MPRegen 0.09/turn

%: no passive effects
@: no status effects
A: sickness immunity, AC +3, negative energy resistance 1, electricity
resistance, torment resistance 1, petrification resistance
a: no special abilities


You were on level 2 of the Dungeon.
You visited 1 branch of the dungeon, and saw 2 of its levels.

You collected 72 gold pieces.


Innate Abilities, Weirdness & Mutations

You are immune to sickness and miasma.
Your stone body is resilient. (AC +3)
You are immune to poison.
You resist negative energy. (rN+)
You are resistant to electric shocks. (rElec)
You are resistant to unholy torment.
You are immune to petrification.


   Skills:
 - Level 2.1 Fighting
 + Level 3.7 Ranged Weapons
 - Level 1.5 Dodging
 - Level 1.0 Spellcasting
 - Level 2.6 Hexes


You had 3 spell levels left.
You knew the following spells:

 Your Spells              Type           Power      Damage    Failure   Level
a - Slow                  Hex            28%        N/A       10%         1

Your spell library contained the following spells:

 Spells                   Type           Power      Damage    Failure   Level
 Inner Flame              Hex/Fire       4%         N/A       43%         3
 Portal Projectile        Hex/Tloc       8%         N/A       43%         3
 Cause Fear               Hex            3%         N/A       67%         4

Inventory:

Hand Weapons
 Y - a +1 sling (weapon)
Armour
 a - the +3 pair of gauntlets of War (worn) {Slay+5}
   (You acquired it on level 1 of the Dungeon)

   Slay:      It affects your accuracy & damage with ranged weapons and melee
   (+5).
 c - a +0 robe (worn)
 e - a +2 helmet (worn)
Scrolls
 g - a scroll of identify
Potions
 b - a potion of curing {unknown}
 d - a potion of magic {unknown}

Dungeon Overview and Level Annotations

Branches:
Dungeon (2/15)

Altars:
Trog

Annotations:
D:2 Robin


Message History

The goblin barely misses you.
You shoot a sling bullet. The sling bullet hits the hobgoblin.
The hobgoblin is almost dead.
The goblin hits you but does no damage.
The hobgoblin hits you but does no damage.
The goblin closely misses you.
You shoot a sling bullet.
The sling bullet closely misses the hobgoblin.
The goblin barely misses you. The goblin hits you but does no damage.
The goblin hits you with a +0 club. The hobgoblin misses you.
The goblin barely misses you. The hobgoblin misses you.
The goblin barely misses you. The goblin hits you with a +0 club.
You shoot a sling bullet. The sling bullet hits the hobgoblin!
You kill the hobgoblin!
The goblin hits you but does no damage. The goblin barely misses you. x2
You shoot a sling bullet. The sling bullet hits the goblin.
You kill the goblin!
Robin throws the goblin at you! The goblin misses you.
The goblin hits you with a +0 club. The goblin hits you with a +0 dagger.
You shoot a sling bullet.
The sling bullet barely misses the goblin.
The goblin hits you with a +0 club. The goblin barely misses you.
The goblin hits you with a +0 club.
You shoot a sling bullet. The sling bullet hits the goblin!
You kill the goblin!
The goblin no longer looks unusually strong.
Robin roars a battlecry!
The goblin goes into a battle-frenzy!
The goblin hits you but does no damage. The goblin closely misses you.
The goblin misses you. x2
You shoot a sling bullet. The sling bullet hits Robin.
Robin is moderately wounded.
The goblin no longer looks unusually strong. x2
The goblin barely misses you. Robin hits you with a +0 mace.
The goblin hits you with a +0 club.
You shoot a sling bullet. The sling bullet hits Robin!
Robin is severely wounded.
Robin throws the goblin at you! The goblin hits you but does no damage.
The goblin hits you with a +0 club.
You die...

###.### #.#
#####.# ##
#.....# ..
#.##### ###.
#.# . ..g
#.#
....##g###.#
#...g@g).#
####g#####
... ####


You could see Robin and 4 goblins.

Vanquished Creatures
  2 adders (D:2)
  A dart slug (D:1)
  2 ball pythons (D:1)
  2 bats (D:1)
  5 endoplasms (D:1)
  8 goblins
  3 hobgoblins
  2 frilled lizards (D:1)
  6 rats (D:1)
31 creatures vanquished.

Notes
Turn   | Place    | Note
-------+----------+-------------------------------------------
     0 | D:1      | qw the Gargoyle Hexslinger began the quest for the Orb.
     0 | D:1      | Reached XP level 1. HP: 12/12 MP: 2/2
     0 | D:1      | 0 ||| qw: Version: 0.3-a-46-gb1f654a
     0 | D:1      | 0 ||| qw: Game counter: 2954
     0 | D:1      | 0 ||| qw: Melee chars always use a shield: true
     0 | D:1      | 0 ||| qw: God list: Okawaru
     0 | D:1      | 0 ||| qw: Allow faded altars: false
     0 | D:1      | 0 ||| qw: Do Orc after clearing Dungeon:15 true
     0 | D:1      | 0 ||| qw: Do second Lair branch before Depths: true
     0 | D:1      | 0 ||| qw: Lair rune preference: random
     0 | D:1      | 0 ||| qw: Goals: Normal
     0 | D:1      | 0 ||| PLANNING D:1-11
   116 | D:1      | Reached XP level 2. HP: 16/16 MP: 3/3
   272 | D:1      | Reached skill level 3 in Ranged Weapons
   496 | D:1      | Reached XP level 3. HP: 21/21 MP: 4/4
   656 | D:1      | 656 ||| UPGRADING to +2 helmet.
   661 | D:1      | 661 ||| READING scroll labelled QECYWEGEMITZ.
   661 | D:1      | Identified a scroll of acquirement
   661 | D:1      | 661 ||| ACQUIRING +3 pair of gauntlets of War {Slay+5}
   661 | D:1      | Acquired the +3 pair of gauntlets of War {Slay+5}
   661 | D:1      | Found the +3 pair of gauntlets of War {Slay+5}
   663 | D:1      | 663 ||| UPGRADING to +3 pair of gauntlets of War {Slay+5}.
   668 | D:1      | 668 ||| READING 2 scrolls labelled JAMAB DEPONOE.
   669 | D:1      | 669 ||| DROPPING scroll of poison.
   746 | D:2      | Found a bloodstained altar of Trog.
   795 | D:2      | Noticed Robin
   808 | D:2      | HP: 2/21 [Robin/+0 mace (4)]
   809 | D:2      | Slain by a goblin

Levels and vault maps discovered:
D:1:      dpeg_arrival_round_b, layout_loops_ring, amethyst_killhole,
          minmay_liquid_box
D:2:      layout_loops_cross, basic_altar, uniq_robin

Skill      XL: |  1  2 |
---------------+-------+-----
Ranged Weapons | 3 |  3.7
Fighting       | 2 |  2.1
Dodging        | |  1.5
Spellcasting   | |  1.0
Hexes          | |  2.6

Action                     || total
---------------------------++-------
   Fire: Sling             ||    93
    Use: Scroll            ||     2
 Armour: Robe              ||    18
  Dodge: Dodged            ||    30

Table legend:
 A = Non-vault XP
 B = Vault XP
 C = Vault XP percentage of total XP
 D = Non-vault monster count
 E = Vault monster count
 F = Vault count percentage of total count
                 A         B        C        D         E       F
            +---------+---------+-------+---------+---------+-------
      Total |      68 |      11 |  13.9 |      25 |       6 |  19.4
            +---------+---------+-------+---------+---------+-------
        D:1 |      40 |       0 |   0.0 |      23 |       0 |   0.0
        D:2 |      28 |      11 |  28.2 |       2 |       6 |  75.0
            +---------+---------+-------+---------+---------+-------
